 Dungeon Crawl Stone Soup version 0.30.0-29-ga12c61a403 (webtiles) character file.

Game seed: 656423768800198475

25825 KyoPewz the Protected (level 12, -5/169 HPs)
             Began as an Armataur Fighter on June 22, 2023.
             Was an Elder of Okawaru.
             Slain by an orc warrior
             ... wielding a +0 hand axe
             ... led by an orc warlord
              (14 damage)
             ... on level 1 of the Orcish Mines on June 23, 2023.
             The game lasted 01:05:25 (14953 turns).

KyoPewz the Protected (Armataur Fighter)           Turns: 14953, Time: 01:05:26

Health: -5/169     AC: 36    Str: 23    XL:     12   Next: 92%
Magic:  16/17      EV:  6    Int: 12    God:    Okawaru [****..]
Gold:   754        SH: 12    Dex: 14    Spells: 11/11 levels left

rFire   + . .        u - +7 dagger of Makhleb's Delight {freeze, Int+4}
rCold   + . .        U - +0 kite shield
rNeg    . . .        G - +6 chain mail of Idealism {rPois SInv}
rPois   +            y - +2 hat
rElec   .            n - +2 cloak
rCorr   .            (no gloves)
SInv    +            S - +0 barding {rF+}
Will    .....        (no amulet) Stlth
                     I - ring of protection from cold
HPRegen 0.48/turn    L - +4 ring of protection
MPRegen 0.15/turn

%: roll
@: berserking, heroic, very quick
A: large, rugged brown scales 3, deformed body, armoured tail, roll, long
tongue, awkward tongue
a: Renounce Religion, Heroism, Finesse


You were on level 1 of the Orcish Mines.
You worshipped Okawaru.
Okawaru was greatly pleased with you.
You visited 3 branches of the dungeon, and saw 17 of its levels.
You also visited: Sewer.

You collected 1054 gold pieces.
You spent 300 gold pieces at shops.

Inventory:

Hand Weapons
 a - a +2 short sword of flaming
 c - a +1 battleaxe of electrocution
 r - a +1 short sword of electrocution
 u - the +7 dagger of Makhleb's Delight (weapon) {freeze, Int+4}
   (You found it in a sewer)

   Int:       It affects your intelligence (+4).
 x - a +2 dagger of venom
 Q - the +6 hand axe of Wijo Coss {heavy, Will+}
   (You found it on level 4 of the Dungeon)

   Will:      It increases your willpower.
 T - a +2 triple sword of holy wrath
Missiles
 b - 14 poisoned darts
 s - 3 atropa-tipped darts
Armour
 n - a +2 cloak (worn)
 y - a +2 hat (worn)
 G - the +6 chain mail of Idealism (worn) {rPois SInv}
   (You found it on level 5 of the Dungeon)

   rPois:     It protects you from poison.
   SInv:      It lets you see invisible.
 S - a +0 barding of fire resistance (worn)
 U - a +0 kite shield (worn)
 V - a +3 troll leather armour {Snorg}
Magical Staves
 P - a staff of conjuration
 R - a staff of poison
Jewellery
 I - a ring of protection from cold (left hand)
 L - a +4 ring of protection (right hand)
Wands
 k - a wand of polymorph (4)
 D - a wand of digging (8)
 E - a wand of mindburst (21) (quivered)
 M - a wand of quicksilver (9)
 O - a wand of iceblast (5)
Scrolls
 e - 3 scrolls of enchant weapon
 g - 5 scrolls of fear
 i - 4 scrolls of magic mapping
 m - 4 scrolls of silence
 t - 4 scrolls of teleportation
 w - 2 scrolls of brand weapon
 z - 2 scrolls of amnesia
 B - 2 scrolls of blinking
 J - 2 scrolls of fog
 K - 2 scrolls of vulnerability
 N - a scroll of noise
Potions
 d - 3 potions of might
 f - 4 potions of brilliance
 h - 2 potions of haste
 j - 2 potions of lignification
 l - 3 potions of heal wounds
 o - a potion of mutation {unknown}
 p - 2 potions of attraction
 q - 4 potions of curing
 v - 4 potions of flight
 A - a potion of invisibility
 C - a potion of magic
 F - a potion of berserk rage
 H - 2 potions of ambrosia
Miscellaneous
 W - a lightning rod (1/4)


   Skills:
 - Level 10.0(15.0) Fighting
 - Level 9.2(16.1) Short Blades
 - Level 10.0(16.5) Long Blades
 - Level 12.0(17.0) Armour
 - Level 7.0(12.0) Shields
 + Level 7.1 Invocations


You had 11 spell levels left.
You didn't know any spells.
Your spell library contained the following spells:

 Spells                   Type           Power      Damage    Failure   Level
 Magic Dart               Conj           0%         1d3       88%         1
 Lesser Beckoning         Tloc           0%         N/A       95%         2
 Frozen Ramparts          Ice            0%         1d1       99%         3
 Gell's Gravitas          Tloc           0%         N/A       99%         3
 Mephitic Cloud           Conj/Pois/Air  0%         N/A       99%         3
 Portal Projectile        Hex/Tloc       0%         N/A       99%         3
 Teleport Other           Tloc           0%         N/A       99%         3
 Ice Form                 Ice/Tmut       0%         N/A       100%        4
 Manifold Assault         Tloc           0%         N/A       100%        4
 Blade Hands              Tmut           0%         N/A       100%        5
 Dispersal                Tloc           0%         N/A       100%        6
 Disjunction              Tloc           0%         N/A       100%        8
 Summon Small Mammal      Summ           Unusable   N/A       N/A         1
 Call Imp                 Summ           Unusable   N/A       N/A         2
 Call Canine Familiar     Summ           Unusable   N/A       N/A         3
 Summon Guardian Golem    Hex/Summ       Unusable   N/A       N/A         3
 Tukima's Dance           Hex            Unusable   N/A       N/A         3
 Summon Ice Beast         Ice/Summ       Unusable   N/A       N/A         4

Dungeon Overview and Level Annotations

Branches:
Dungeon (14/15)            Temple (1/1) D:5            Lair (0/5) D:10
    Orc (2/2) D:11          Sewer (visited)
    Elf: Orc:2       Vaults: D:13-14

Altars:
Ashenzari
Cheibriados
Dithmenos
Elyvilon
Fedhas
Gozag
Hepliaklqana
Kikubaaqudgha
Makhleb
Nemelex Xobeh
Okawaru
Qazlal
Ru
Sif Muna
Trog
Uskayaw
Vehumet
Wu Jian
Xom
Yredelemnul
Zin
The Shining One

Shops:
D:2 (   D:5 :   D:6 !   D:10 *   D:14 ?

Annotations:
D:12 Lodul
D:13 Azrael
Orc:1 3 runed translucent doors, Graphine's ghost, journeyman DsMo; polpettosauro's ghost, journeyman MiGl


Innate Abilities, Weirdness & Mutations

You are completely covered in rugged brown scales. (AC +3, +7% HP)
Armour fits poorly on your strangely shaped body.
You have a long armoured tail.
You roll when moving toward enemies. (Rampage)
Your long tongue fully drains potion bottles. (2x potion effects)
Your tongue gives you trouble enunciating. (1.5x scroll delay)


Message History

The orc priest is almost dead.
The orc warrior hits you with a +0 hand axe!
* * * LOW HITPOINT WARNING * * *
You take 8 damage, and have 27/113 hp.
You hit the orc priest. You freeze the orc priest.
You kill the orc priest!
Okawaru accepts your kill. The warg bites you.
* * * LOW HITPOINT WARNING * * *
The troll bites you but does no damage. You block the troll's attack.
The troll claws you but does no damage. You block the orc warrior's attack.
You take 1 damage, and have 26/113 hp.
Press: ? - help, v - describe, . - travel
Here: a troll (heavily wounded)
The floor.
A red film seems to cover your vision as you go berserk!
You feel yourself moving faster!
You feel mighty!
You slurp down every last drop of the potion of berserk rage!
The warg bites you!
* * * LOW HITPOINT WARNING * * *
You block the troll's attack. The troll claws you!
* * * LOW HITPOINT WARNING * * *
The troll claws you but does no damage. The orc warrior completely misses you.
You now have 22/169 hp.
You hit the troll. You freeze the troll.
The troll is severely wounded.
The warg bites you!
* * * LOW HITPOINT WARNING * * *
You take 11 damage, and have 11/169 hp.
You completely miss the troll. You tail-slap the troll.
The troll is severely wounded.
You block the troll's attack. x2; The troll claws you.
* * * LOW HITPOINT WARNING * * *
You take 2 damage, and have 9/169 hp.
You puncture the troll! You freeze the troll.
You kill the troll!
Okawaru accepts your kill. You block the warg's attack.
The orc warrior hits you with a +0 hand axe!
You die...

#................#............
#......#...#..................
#......................#......
#.....................##...#.#
##....................##...###
##............[........##...##
#........#............####.##.
##.......#.............######⌠
##.........o@h[........# #P
##............)........## #!
#............[.......### ##
#....#..#..........### #
#.......##..........##
##...#.#.##..........#
#...............#...##
##...................#
##.#...............##


You could see a warg and an orc warrior (strong).

Vanquished Creatures
  An orc warlord (Orc:1)
  Snorg (D:13)
  A vault guard (D:14)
  A hydra (D:14)
  A death knight (D:14)
  3 centaur warriors
  4 two-headed ogres
  2 tengu warriors
  An orc high priest (Orc:1)
  Pikel (D:7)
  3 deep elf pyromancers
  2 ugly things
  An orc sorcerer (Orc:1)
  2 manticores
  2 cyclopes
  3 gargoyles
  An unseen horror (D:13)
  3 kobold demonologists
  A yaktaur (shapeshifter) (D:14)
  A komodo dragon (D:10)
  6 trolls
  4 slime creatures
  2 vampires
  A steam dragon (D:7)
  12 yaks (D:11)
  A human (shapeshifter) (D:10)
  A wyvern (D:9)
  8 vampire mosquitoes
  3 wargs
  An acid dragon (D:8)
  A hell hound (D:14)
  3 sky beasts (D:7)
  Pargi (Sewer)
  8 orc warriors
  An ogre (D:6)
  A black bear (D:5)
  3 lemures (D:7)
  4 centaurs
  2 phantoms
  4 bullfrogs
  A gnoll sergeant (D:11)
  2 scorpions
  9 wights (D:9)
  5 killer bees (D:9)
  An electric eel (D:10)
  5 howler monkeys
  7 hounds
  A gnoll bouda (D:9)
  8 orc priests
  A jelly (D:7)
  2 sleepcaps
  Jessica (D:3)
  3 iguanas
  10 orc wizards
  9 gnolls
  11 adders
  2 river rats (D:3)
  A shadow imp (D:5)
  3 white imps
  An ufetubus (D:5)
  2 worms (D:2)
  2 dart slugs
  42 orcs
  7 endoplasms
  5 giant cockroaches
  3 goblins (D:1)
  8 hobgoblins
  6 jackals
  13 kobolds
  8 quokkas
  9 ball pythons
  A bat (D:2)
  3 frilled lizards
  7 rats
301 creatures vanquished.

Notes
Turn   | Place    | Note
-------+----------+-------------------------------------------
     0 | D:1      | KyoPewz the Armataur Fighter began the quest for the Orb.
     0 | D:1      | Reached XP level 1. HP: 19/19 MP: 1/1
   157 | D:1      | Reached XP level 2. HP: 26/26 MP: 2/2
   711 | D:2      | Reached XP level 3. HP: 27/32 MP: 3/3
   782 | D:2      | Found Payfuh's Weapon Boutique.
  1262 | D:2      | Reached XP level 4. HP: 38/39 MP: 4/4
  1728 | D:3      | Found a glowing drain.
  1786 | Sewer    | Entered a sewer
  1794 | Sewer    | Noticed Pargi
  1806 | Sewer    | Killed Pargi
  1807 | Sewer    | Reached skill level 5 in Long Blades
  1807 | Sewer    | Reached XP level 5. HP: 12/44 MP: 5/5
  2009 | Sewer    | Identified the +7 dagger of Makhleb's Delight {freeze,
                  | Int+4}
  2350 | D:3      | Noticed Jessica
  2378 | D:3      | Killed Jessica
  2379 | D:3      | Reached XP level 6. HP: 43/53 MP: 6/6
  2782 | D:4      | Identified the +6 hand axe of Wijo Coss {heavy, Will+}
  2982 | D:4      | Reached skill level 1 in Short Blades
  3577 | D:5      | Entered Level 5 of the Dungeon
  3676 | D:5      | Reached XP level 7. HP: 58/59 MP: 7/7
  3827 | D:5      | Found Zaijihib's Book Emporium.
  4028 | D:5      | Found a staircase to the Ecumenical Temple.
  4093 | Temple   | Entered the Ecumenical Temple
  4099 | Temple   | Became a worshipper of Warmaster Okawaru
  4165 | D:5      | Identified the +6 chain mail of Idealism {rPois SInv}
  4208 | D:5      | Found a sacrificial altar of Ru.
  4349 | D:5      | Reached skill level 5 in Short Blades
  4463 | D:6      | Found Poutel's Distillery.
  4468 | D:6      | Bought a potion of degeneration for 11 gold pieces
  4468 | D:6      | Bought a potion of attraction for 33 gold pieces
  4468 | D:6      | Bought a potion of heal wounds for 55 gold pieces
  4468 | D:6      | Bought a potion of flight for 33 gold pieces
  4767 | D:6      | Reached XP level 8. HP: 62/66 MP: 8/8
  4811 | D:6      | Reached * piety under Okawaru
  5686 | D:7      | Noticed Pikel
  5798 | D:7      | Killed Pikel
  5798 | D:7      | Reached ** piety under Okawaru
  5799 | D:7      | Reached XP level 9. HP: 66/72 MP: 9/9
  5879 | D:7      | Reached skill level 4 in Armour
  6472 | D:8      | Reached skill level 5 in Armour
  6544 | D:8      | Found a broken altar of Ashenzari.
  7190 | D:8      | Reached *** piety under Okawaru
  7191 | D:8      | Reached skill level 6 in Armour
  7312 | D:9      | Identified the +0 arbalest of Beejue {drain, rC+ Int+3
                  | Stlth+}
  7578 | D:9      | Reached skill level 5 in Fighting
  7607 | D:9      | Reached skill level 7 in Armour
  7952 | D:9      | Received a gift from Okawaru
  8129 | D:9      | Noticed a two-headed ogre
  8145 | D:9      | Killed a two-headed ogre
  8145 | D:9      | Reached **** piety under Okawaru
  8146 | D:9      | Reached skill level 8 in Armour
  8146 | D:9      | Reached XP level 10. HP: 58/89 MP: 7/10
  8487 | D:9      | Found a glowing silver altar of Zin.
  8498 | D:9      | Found a basalt altar of Yredelemnul.
  8565 | D:10     | Entered Level 10 of the Dungeon
  8811 | D:10     | Found Lilakhli's General Store.
  8814 | D:10     | Bought a scroll of teleportation for 48 gold pieces
  8814 | D:10     | Bought a scroll of blinking for 120 gold pieces
  8890 | D:10     | Found a staircase to the Lair.
  8974 | D:10     | Reached skill level 9 in Armour
  9813 | D:11     | Reached skill level 10 in Armour
  9817 | D:11     | Reached ***** piety under Okawaru
 10137 | D:11     | Found a staircase to the Orcish Mines.
 10152 | D:11     | Noticed a gargoyle
 10170 | D:11     | Noticed a gargoyle
 10173 | D:11     | Killed a gargoyle
 10228 | D:11     | Reached skill level 11 in Armour
 10235 | D:11     | Received a gift from Okawaru
 10236 | D:11     | Reached XP level 11. HP: 29/101 MP: 9/11
 10562 | D:11     | You fall into a shaft and drop 3 floors!
 10583 | D:14     | Noticed a two-headed ogre
 10595 | D:14     | Killed a two-headed ogre
 10644 | D:13     | Noticed a deep elf pyromancer
 10689 | D:14     | Killed a deep elf pyromancer
 10809 | D:13     | Noticed a sun demon
 10893 | D:13     | Received a gift from Okawaru
 10903 | D:13     | Reached skill level 12 in Armour
 10926 | D:14     | Reached skill level 5 in Shields
 11156 | D:13     | Noticed a green ugly thing
 11178 | D:13     | Killed a green ugly thing
 11197 | D:13     | Noticed Azrael
 11227 | D:14     | Noticed a five-headed hydra
 11239 | D:14     | Killed a five-headed hydra
 11240 | D:14     | Reached skill level 10 in Fighting
 11242 | D:14     | Noticed a vault guard
 11273 | D:14     | Killed a vault guard
 11404 | D:14     | Noticed a death knight
 11432 | D:14     | Killed a death knight
 11694 | D:13     | Noticed a tengu warrior
 11695 | D:13     | Noticed a tengu warrior
 11696 | D:13     | Noticed a centaur warrior
 11730 | D:14     | Killed a tengu warrior
 12025 | D:14     | Found Xucse's Magic Scroll Boutique.
 12056 | D:13     | Reached XP level 12. HP: 108/113 MP: 12/12
 12062 | D:13     | Noticed a centaur warrior
 12166 | D:13     | Killed a centaur warrior
 12312 | D:13     | Noticed Snorg
 12336 | D:13     | Killed Snorg
 12340 | D:13     | Killed a centaur warrior
 12370 | D:13     | Killed a tengu warrior
 12370 | D:13     | Received a gift from Okawaru
 12687 | D:12     | Noticed a two-headed ogre
 12688 | D:12     | Noticed a centaur warrior
 12695 | D:12     | Killed a two-headed ogre
 12710 | D:12     | Killed a centaur warrior
 12864 | D:12     | Reached skill level 10 in Long Blades
 13318 | D:11     | Reached skill level 1 in Invocations
 13612 | D:12     | Noticed a two-headed ogre
 13620 | D:12     | Killed a two-headed ogre
 13651 | D:12     | Noticed Lodul
 13935 | Orc:1    | Entered Level 1 of the Orcish Mines
 13954 | Orc:1    | Reached skill level 5 in Invocations
 14107 | Orc:1    | Noticed an orc warlord
 14264 | Orc:1    | Killed an orc warlord
 14475 | Orc:1    | Found a runed translucent gate.
 14477 | Orc:1    | Found a runed translucent gate.
 14478 | Orc:1    | Found a runed translucent gate.
 14488 | Orc:1    | Noticed Graphine's ghost (journeyman DsMo)
 14488 | Orc:1    | Noticed polpettosauro's ghost (journeyman MiGl)
 14525 | Orc:1    | Noticed an orc high priest
 14690 | Orc:1    | Killed an orc high priest
 14935 | Orc:2    | Entered Level 2 of the Orcish Mines
 14935 | Orc:2    | Noticed an orc warlord
 14953 | Orc:1    | Slain by an orc warrior

Illustrated notes

Levels and vault maps discovered:
D:1:      dpeg_arrival_prison, layout_basic
D:2:      layout_basic, serial_shops, nicolae_shop_peninsula,
          grunt_decor_arrowhead
D:3:      layout_basic, gup_sewer_entry_bowl, uniq_jessica
D:4:      layout_loops_ring, small_statue_intersection,
          dreamdust_princess_corridor, kennysheep_crisscross, grunt_ministairs_8
D:5:      layout_gridville, kennysheep_mini_moat, minmay_temple_entry_poolview,
          serial_shops, shop
D:6:      layout_basic, serial_shops, shop_fountains
D:7:      layout_basic, uniq_pikel
D:8:      layout_loops_ring, mainiacjoe_overflow_24_doors
D:9:      layout_loops_ring, gammafunk_temple_overflow_statue
D:10:     layout_loops_ring, lair_entry_dummy, serial_shops,
          nicolae_shop_real_fake_doors, kennysheep_generic_room_6
D:11:     layout_long_grid, orc_0_dummy
D:12:     layout_roguey, minmay_checkerbox, uniq_lodul
D:13:     layout_rooms, uniq_snorg, uniq_azrael
D:14:     layout_stronghold, david_vaults_5, serial_glass, glass_columns_a,
          glass_columns_a, serial_shops, nicolae_shop_tiny_real_fake_doors
Temple:   nicolae_temple_no_exploring_needed
Orc:1:    layout_caves, gammafunk_ghost_cemetery
Orc:2:    grunt_orc_community_town_hall, layout_diamond_mine,
          grunt_orc_community_big_house_2, grunt_orc_community_big_house_1,
          grunt_orc_community_house_1, grunt_orc_community_house_1,
          grunt_orc_community_house_1, grunt_orc_community_house_3,
          grunt_orc_community_house_1, gauntlet_entry_generic

Skill      XL: |  1  2  3  4  5  6  7  8  9 10 11 12 |
---------------+-------------------------------------+-----
Long Blades    | 2 3 5 7 10 | 10.0
Short Blades   | 3 6 9 |  9.2
Fighting       | 6 8 10 | 10.0
Armour         | 8 11 12 | 12.0
Shields        | 7 |  7.0
Invocations    | 7 |  7.1

Action                     |  1- 3 |  4- 6 |  7- 9 | 10-12 || total
---------------------------+-------+-------+-------+-------++-------
  Melee: Long sword        |   102 |    76 |       |       ||   178
         Tailslap          |    15 |    22 |    69 |   195 ||   301
         Dagger            |       |    79 |   400 |   941 ||  1420
         Hand axe          |       |       |       |    13 ||    13
  Throw: Dart              |       |       |       |     1 ||     1
 Invoke: Heroism           |       |       |     1 |    17 ||    18
         Finesse           |       |       |       |     2 ||     2
  Evoke: Wand              |       |       |     2 |     9 ||    11
         Lightning rod     |       |       |       |     3 ||     3
    Use: Scroll            |       |     1 |       |    17 ||    18
         Potion            |       |       |       |     7 ||     7
   Stab: Distracted        |       |       |       |     1 ||     1
 Armour: Scale mail        |    46 |    57 |    10 |       ||   113
         Chain mail        |       |       |   150 |   536 ||   686
  Dodge: Dodged            |    31 |    43 |    58 |   177 ||   309
  Block: Buckler           |    19 |    26 |    50 |    37 ||   132
         Kite shield       |       |       |       |   295 ||   295
